General information
- name: BNet
- type: Ladder team game (AT/RT)
- host: Battle.net
- saver: EIite
map: Mur'gulOasis
- players: 8
- length: 119:37
- speed: Fast
- version: 1.27 W3XP
- replay type: Public
» download(322 KB)
Players
team 1 (loser)
kent[ka] (
pink | 48 APM | 2189 actions | 46:02)
5 Mountain King
3 Storm Bolt
2 Bash
» actions
| Assign group hotkey | 16 | |
| Basic commands | 14 | |
| Build / train | 100 | |
| ESC pressed | 7 | |
| Enter build submenu | 50 | |
| Enter hero's abilities submenu | 4 | |
| Give item / drop item | 4 | |
| Right click | 688 | |
| Select / deselect | 368 | |
| Select group hotkey | 834 | |
| Use ability | 103 | |
2189 total
» units
| Peasant | 38 | |
| Footman | 5 | |
| Gryphon Rider | 12 | |
55 total
» upgrades
| Swords | 3 | |
| Armor | 4 | |
| Masonry | 3 | |
| Lumber Harvesting | 2 | |
| Storm Hammers | 1 | |
| Magic Sentry | 1 | |
| Gunpowder | 2 | |
16 total
» buildings
| Altar of Kings | 1 | |
| Scout Tower | 17 | |
| Farm | 18 | |
| Arcane Tower | 3 | |
| Lumber Mill | 4 | |
| Arcane Vault | 2 | |
| Barracks | 1 | |
| Blacksmith | 1 | |
| Keep | 1 | |
| Castle | 1 | |
| Gryphon Aviary | 2 | |
| Town Hall | 4 | |
| Guard Tower | 6 | |
| Arcane Sanctum | 1 | |
62 total
» build order
00:11 Altar of Kings
00:13 Scout Tower
00:17 Farm
00:45 Arcane Tower
00:56 Farm
01:48 Farm
01:56 Lumber Mill
02:07 Lumber Mill
02:15 Arcane Vault
02:33 Barracks
02:49 Blacksmith
03:09 Farm
03:44 Keep
03:58 Farm
04:00 Farm
05:15 Farm
05:16 Farm
06:05 Castle
06:15 Gryphon Aviary
06:28 Lumber Mill
07:40 Gryphon Aviary
13:45 Farm
13:46 Farm
13:48 Farm
13:49 Farm
13:50 Farm
14:32 Town Hall
16:28 Lumber Mill
20:00 Town Hall
22:31 Town Hall
23:46 Scout Tower
23:48 Scout Tower
23:49 Scout Tower
23:49 Scout Tower
23:52 Scout Tower
23:53 Scout Tower
23:54 Scout Tower
23:56 Scout Tower
23:57 Scout Tower
24:48 Guard Tower
24:49 Guard Tower
25:11 Arcane Tower
26:26 Town Hall
29:58 Arcane Sanctum
30:05 Scout Tower
30:33 Scout Tower
30:34 Arcane Tower
30:38 Scout Tower
30:39 Scout Tower
30:40 Scout Tower
30:46 Arcane Vault
31:03 Guard Tower
31:17 Guard Tower
31:19 Scout Tower
31:26 Scout Tower
31:43 Guard Tower
32:43 Guard Tower
36:55 Farm
37:09 Farm
37:25 Farm
38:12 Farm
40:16 Farm
» items
| Boots of Speed | 1 | |
| Dust of Appearance | 1 | |
| Staff of Teleportation | 1 | |
| Scroll of Regeneration | 3 | |
| Potion of Healing | 1 | |
| Orb of Lightning | 1 | |
| Potion of Lesser Invulnerability | 1 | |
| Scroll of Healing | 2 | |
| Scroll of Protection | 1 | |
12 total
UploadinFool (
blue | 44 APM | 2033 actions | 46:02)
5 Blademaster
3 Wind Walk
2 Critical Strike
» actions
| Assign group hotkey | 93 | |
| Basic commands | 314 | |
| Build / train | 63 | |
| Enter build submenu | 54 | |
| Enter hero's abilities submenu | 6 | |
| Give item / drop item | 11 | |
| Remove unit from queue | 1 | |
| Right click | 738 | |
| Select / deselect | 426 | |
| Select group hotkey | 203 | |
| Use ability | 124 | |
2033 total
» units
» upgrades
| Armor | 3 | |
| Ranged Weapons | 3 | |
| Reinforced Defenses | 1 | |
| Envenomed Spears | 1 | |
8 total
» buildings
| Orc Burrow | 8 | |
| Altar of Storms | 1 | |
| Barracks | 1 | |
| War Mill | 5 | |
| Voodoo Lounge | 4 | |
| Watch Tower | 26 | |
| Stronghold | 1 | |
| Beastiary | 6 | |
| Fortress | 1 | |
| Great Hall | 6 | |
59 total
» build order
00:12 Orc Burrow
00:54 Orc Burrow
01:07 Altar of Storms
01:08 Barracks
01:45 War Mill
02:22 Voodoo Lounge
03:18 Orc Burrow
04:40 Watch Tower
04:40 Watch Tower
04:43 Watch Tower
05:22 Stronghold
07:03 Watch Tower
07:04 Watch Tower
07:58 Beastiary
07:58 Beastiary
08:05 Fortress
08:40 Orc Burrow
08:46 Watch Tower
11:29 War Mill
13:01 Great Hall
13:05 Watch Tower
13:05 Watch Tower
13:05 Watch Tower
13:07 Watch Tower
13:07 Watch Tower
13:08 Watch Tower
13:08 Watch Tower
13:44 Beastiary
13:45 Beastiary
14:15 Voodoo Lounge
14:23 Watch Tower
16:46 Orc Burrow
16:48 Orc Burrow
16:50 Orc Burrow
17:12 Watch Tower
17:12 Watch Tower
17:14 Watch Tower
17:15 Watch Tower
25:36 Voodoo Lounge
25:47 Great Hall
26:38 Orc Burrow
29:27 Great Hall
29:33 Watch Tower
29:34 Watch Tower
29:34 Watch Tower
29:35 Watch Tower
29:35 Watch Tower
29:36 Watch Tower
29:38 Voodoo Lounge
31:04 Beastiary
31:04 Beastiary
35:06 Great Hall
35:09 Great Hall
36:18 Great Hall
46:02 War Mill
» items
| Healing Salve | 9 | |
| Periapt of Vitality | 1 | |
| Staff of Teleportation | 2 | |
| Potion of Lesser Invulnerability | 1 | |
| Orb of Lightning | 1 | |
| Scroll of Town Portal | 1 | |
| Potion of Healing | 2 | |
17 total
Ragnarok (
red | 52 APM | 1701 actions | 32:35)
5 Demon Hunter
3 Mana Burn
2 Evasion
4 Keeper of the Grove
1 Entangling Roots
2 Thorns Aura
1 Force of Nature
» actions
| Assign group hotkey | 33 | |
| Basic commands | 85 | |
| Build / train | 83 | |
| Enter build submenu | 28 | |
| Enter hero's abilities submenu | 9 | |
| Remove unit from queue | 4 | |
| Right click | 710 | |
| Select / deselect | 387 | |
| Select group hotkey | 294 | |
| Use ability | 66 | |
1701 total
» units
| Wisp | 21 | |
| Archer | 4 | |
| Huntress | 3 | |
| Hippogryph | 17 | |
| Chimaera | 12 | |
57 total
» upgrades
| Strength of the Wild | 3 | |
| Reinforced Hides | 2 | |
| Corrosive Breath | 1 | |
| Well Spring | 1 | |
7 total
» buildings
| Altar of Elders | 1 | |
| Moon Well | 6 | |
| Ancient of War | 1 | |
| Ancient of Wonders | 1 | |
| Hunter's Hall | 1 | |
| Tree of Ages | 1 | |
| Ancient of Wind | 1 | |
| Tree of Eternity | 1 | |
| Ancient Protector | 8 | |
| Chimaera Roost | 4 | |
| Tree of Life | 4 | |
29 total
» build order
00:20 Altar of Elders
00:23 Moon Well
00:49 Ancient of War
01:31 Moon Well
02:06 Ancient of Wonders
02:44 Hunter's Hall
03:53 Tree of Ages
04:10 Moon Well
06:30 Ancient of Wind
07:04 Tree of Eternity
07:07 Moon Well
08:02 Ancient Protector
09:30 Chimaera Roost
09:32 Chimaera Roost
09:34 Chimaera Roost
10:08 Chimaera Roost
12:15 Moon Well
12:33 Moon Well
13:09 Tree of Life
15:35 Tree of Life
15:59 Ancient Protector
16:51 Ancient Protector
17:29 Ancient Protector
20:23 Tree of Life
21:38 Ancient Protector
23:06 Tree of Life
24:21 Ancient Protector
24:22 Ancient Protector
24:22 Ancient Protector
» items
| Scroll of Town Portal | 1 | |
| Dust of Appearance | 1 | |
2 total
texas (
yellow | 14 APM | 646 actions | 46:02)
4 Mountain King
2 Storm Bolt
2 Thunder Clap
3 Pandaren Brewmaster
2 Breath of Fire
1 Drunken Haze
» actions
| Basic commands | 33 | |
| Build / train | 62 | |
| Enter build submenu | 23 | |
| Enter hero's abilities submenu | 8 | |
| Give item / drop item | 1 | |
| Remove unit from queue | 4 | |
| Right click | 220 | |
| Select / deselect | 251 | |
| Use ability | 44 | |
646 total
» units
| Peasant | 11 | |
| Footman | 4 | |
| Rifleman | 3 | |
| Makrura Deepseer | 1 | |
| Mur'gul Snarecaster | 1 | |
| Mortar Team | 3 | |
| Siege Engine | 9 | |
| Knight | 2 | |
34 total
» upgrades
| Gunpowder | 1 | |
| Armor | 1 | |
| Fragmentation Shards | 1 | |
| Barrage | 1 | |
| Lumber Harvesting | 1 | |
| Animal War Training | 1 | |
| Plating | 1 | |
7 total
» buildings
| Altar of Kings | 1 | |
| Barracks | 1 | |
| Farm | 10 | |
| Lumber Mill | 1 | |
| Blacksmith | 1 | |
| Arcane Vault | 1 | |
| Scout Tower | 2 | |
| Keep | 1 | |
| Guard Tower | 2 | |
| Castle | 1 | |
| Workshop | 2 | |
| Town Hall | 2 | |
25 total
» build order
00:12 Altar of Kings
00:24 Barracks
00:32 Farm
01:16 Farm
01:32 Lumber Mill
02:03 Blacksmith
02:21 Arcane Vault
03:12 Farm
04:04 Scout Tower
04:06 Keep
04:08 Scout Tower
05:06 Guard Tower
05:09 Farm
05:10 Guard Tower
05:46 Farm
06:30 Castle
07:35 Workshop
07:40 Workshop
08:55 Farm
08:59 Farm
10:04 Farm
10:06 Farm
14:15 Farm
14:28 Town Hall
16:02 Town Hall
» items
| Scroll of Regeneration | 2 | |
| Lesser Clarity Potion | 2 | |
| Scroll of Town Portal | 1 | |
5 total
team 2 (winner)
Chandler (
teal | 67 APM | 729 actions | 10:55)
3 Archmage
2 Summon Water Elemental
1 Brilliance Aura
» actions
| Assign group hotkey | 15 | |
| Basic commands | 74 | |
| Build / train | 34 | |
| Enter build submenu | 19 | |
| Enter hero's abilities submenu | 3 | |
| Give item / drop item | 2 | |
| Right click | 373 | |
| Select / deselect | 148 | |
| Select group hotkey | 37 | |
| Use ability | 24 | |
729 total
» units
| Peasant | 6 | |
| Footman | 8 | |
| Makrura Snapper | 1 | |
| Priest | 2 | |
| Rifleman | 1 | |
| Flying Machine | 2 | |
20 total
» buildings
| Altar of Kings | 1 | |
| Farm | 4 | |
| Barracks | 1 | |
| Arcane Vault | 1 | |
| Lumber Mill | 1 | |
| Scout Tower | 3 | |
| Keep | 1 | |
| Guard Tower | 3 | |
| Arcane Sanctum | 1 | |
| Blacksmith | 1 | |
| Castle | 1 | |
| Workshop | 1 | |
19 total
» build order
00:21 Altar of Kings
00:27 Farm
00:35 Barracks
00:57 Farm
01:37 Farm
02:18 Arcane Vault
02:50 Farm
02:59 Lumber Mill
03:32 Scout Tower
04:22 Keep
04:30 Scout Tower
05:43 Guard Tower
05:44 Guard Tower
07:03 Scout Tower
07:24 Arcane Sanctum
07:39 Blacksmith
07:43 Guard Tower
08:02 Castle
09:31 Workshop
» items
| Lesser Clarity Potion | 2 | |
| Scroll of Regeneration | 2 | |
| Boots of Speed | 1 | |
5 total
EIite (
green | 89 APM | 4078 actions | 46:02)
8 Blademaster
3 Wind Walk
3 Critical Strike
1 Bladestorm
1 Mirror Image
2 Tauren Chieftain
1 Endurance Aura
1 War Stomp
1 Archmage
1 Brilliance Aura
» actions
| Assign group hotkey | 140 | |
| Basic commands | 110 | |
| Build / train | 372 | |
| Enter build submenu | 96 | |
| Enter hero's abilities submenu | 11 | |
| Give item / drop item | 4 | |
| Remove unit from queue | 14 | |
| Right click | 1447 | |
| Select / deselect | 684 | |
| Select group hotkey | 833 | |
| Use ability | 367 | |
4078 total
» units
| Peon | 28 | |
| Grunt | 4 | |
| Wind Rider | 4 | |
| Troll Batrider | 11 | |
| Peasant | 5 | |
| Troll Headhunter/Berserker | 30 | |
| Flying Machine | 108 | |
| Kodo Beast | 3 | |
| Troll Witch Doctor | 13 | |
206 total
» upgrades
| Armor | 8 | |
| Pillage | 1 | |
| Berserker Strength | 1 | |
| Reinforced Defenses | 3 | |
| Ranged Weapons | 5 | |
| Masonry | 3 | |
| Spiked Barricades | 5 | |
| Berserker Upgrade | 2 | |
| Liquid Fire | 1 | |
| Envenomed Spears | 1 | |
| Gunpowder | 3 | |
| Plating | 3 | |
| War Drums Damage Increase | 1 | |
| Melee Weapons | 3 | |
| Backpack | 2 | |
| Troll Regeneration | 1 | |
| Burning Oil | 1 | |
| Ensnare | 1 | |
| Flak Cannons | 1 | |
| Flying Machine Bombs | 1 | |
| Flare | 0 | |
| Magic Sentry | 1 | |
| Priest Training | 0 | |
| Sorceress Training | 0 | |
| Witch Doctor Training | 2 | |
| Shaman Training | 2 | |
| Spirit Walker Training | 2 | |
54 total
» buildings
| Orc Burrow | 10 | |
| Altar of Storms | 1 | |
| Barracks | 1 | |
| Voodoo Lounge | 2 | |
| Stronghold | 2 | |
| War Mill | 1 | |
| Watch Tower | 38 | |
| Beastiary | 4 | |
| Fortress | 2 | |
| Scout Tower | 13 | |
| Guard Tower | 22 | |
| Workshop | 1 | |
| Cannon Tower | 4 | |
| Farm | 12 | |
| Great Hall | 4 | |
| Spirit Lodge | 5 | |
122 total
» build order
00:11 Orc Burrow
00:57 Orc Burrow
01:34 Altar of Storms
01:36 Barracks
01:51 Voodoo Lounge
02:40 Orc Burrow
04:34 Stronghold
04:34 Stronghold
05:08 Orc Burrow
05:12 War Mill
06:59 Watch Tower
07:01 Watch Tower
07:02 Watch Tower
07:37 Watch Tower
07:41 Beastiary
07:53 Fortress
07:54 Fortress
10:58 Beastiary
11:18 Watch Tower
11:19 Watch Tower
11:20 Watch Tower
11:20 Watch Tower
11:21 Watch Tower
11:23 Watch Tower
11:29 Watch Tower
11:32 Watch Tower
11:34 Watch Tower
11:48 Watch Tower
11:50 Watch Tower
11:57 Scout Tower
11:58 Scout Tower
11:59 Scout Tower
12:00 Scout Tower
12:01 Scout Tower
12:05 Scout Tower
12:23 Orc Burrow
12:24 Watch Tower
12:39 Watch Tower
12:40 Watch Tower
12:42 Watch Tower
12:45 Watch Tower
12:48 Guard Tower
12:48 Guard Tower
12:54 Scout Tower
12:55 Scout Tower
12:57 Scout Tower
12:59 Scout Tower
13:00 Scout Tower
13:04 Workshop
13:06 Scout Tower
13:22 Scout Tower
13:40 Watch Tower
13:57 Watch Tower
13:58 Watch Tower
13:59 Watch Tower
14:00 Watch Tower
14:25 Guard Tower
14:27 Cannon Tower
14:52 Cannon Tower
14:52 Cannon Tower
14:52 Cannon Tower
15:00 Guard Tower
15:00 Guard Tower
15:01 Guard Tower
15:02 Guard Tower
15:02 Guard Tower
15:03 Guard Tower
15:11 Guard Tower
15:11 Guard Tower
15:11 Guard Tower
15:11 Guard Tower
15:38 Guard Tower
15:38 Guard Tower
15:38 Guard Tower
15:38 Guard Tower
15:46 Watch Tower
15:47 Watch Tower
15:50 Watch Tower
15:51 Watch Tower
15:54 Watch Tower
17:14 Beastiary
17:16 Beastiary
19:43 Voodoo Lounge
20:02 Watch Tower
20:08 Watch Tower
20:09 Watch Tower
20:14 Watch Tower
20:14 Watch Tower
20:16 Watch Tower
20:24 Watch Tower
20:25 Watch Tower
30:08 Orc Burrow
30:11 Orc Burrow
30:12 Orc Burrow
31:31 Farm
31:32 Farm
31:34 Farm
32:38 Orc Burrow
32:40 Orc Burrow
46:02 Spirit Lodge
» items
| Healing Salve | 6 | |
| Lesser Clarity Potion | 3 | |
| Boots of Speed | 1 | |
| Scroll of Town Portal | 3 | |
| Potion of Healing | 1 | |
| Potion of Mana | 1 | |
| Orb of Lightning | 1 | |
16 total
Valkyries (
orange | 58 APM | 641 actions | 11:07)
2 Tauren Chieftain
1 War Stomp
1 Endurance Aura
» actions
| Build / train | 36 | |
| Enter build submenu | 10 | |
| Enter hero's abilities submenu | 2 | |
| Give item / drop item | 2 | |
| Right click | 473 | |
| Select / deselect | 88 | |
| Use ability | 30 | |
641 total
» units
| Peon | 11 | |
| Troll Headhunter/Berserker | 8 | |
19 total
» upgrades
| Pillage | 1 | |
| Ranged Weapons | 1 | |
| Armor | 1 | |
| Troll Regeneration | 1 | |
4 total
» buildings
| Orc Burrow | 4 | |
| War Mill | 1 | |
| Altar of Storms | 1 | |
| Barracks | 2 | |
| Voodoo Lounge | 1 | |
| Stronghold | 2 | |
| Fortress | 1 | |
12 total
» build order
00:33 Orc Burrow
01:03 War Mill
01:19 Altar of Storms
02:10 Barracks
02:37 Orc Burrow
04:02 Barracks
04:17 Orc Burrow
04:30 Voodoo Lounge
05:14 Orc Burrow
05:48 Stronghold
05:48 Stronghold
08:53 Fortress
» items
| Healing Salve | 1 | |
| Lesser Clarity Potion | 2 | |
| Scroll of Speed | 1 | |
| Periapt of Vitality | 1 | |
| Scroll of Healing | 1 | |
| Scroll of Protection | 1 | |
7 total
Fukkitt (
purple | 28 APM | 320 actions | 11:34)
1 Shadow Hunter
1 Healing Wave
» actions
| Assign group hotkey | 9 | |
| Basic commands | 18 | |
| Build / train | 31 | |
| Enter build submenu | 19 | |
| Enter hero's abilities submenu | 1 | |
| Right click | 51 | |
| Select / deselect | 123 | |
| Select group hotkey | 45 | |
| Use ability | 23 | |
320 total
» units
» upgrades
| Spiked Barricades | 2 | |
| Armor | 2 | |
| Berserker Strength | 1 | |
5 total
» buildings
| Orc Burrow | 6 | |
| Barracks | 1 | |
| Altar of Storms | 1 | |
| Voodoo Lounge | 1 | |
| War Mill | 1 | |
| Stronghold | 1 | |
| Watch Tower | 7 | |
| Fortress | 1 | |
| Spirit Lodge | 1 | |
20 total
» build order
00:23 Orc Burrow
00:38 Barracks
00:54 Altar of Storms
01:40 Orc Burrow
02:13 Orc Burrow
02:36 Voodoo Lounge
03:13 War Mill
05:45 Stronghold
05:56 Watch Tower
05:59 Watch Tower
06:02 Watch Tower
06:05 Watch Tower
08:09 Fortress
08:56 Watch Tower
08:59 Watch Tower
09:01 Watch Tower
09:07 Orc Burrow
09:10 Orc Burrow
09:12 Orc Burrow
10:10 Spirit Lodge
» items
| Healing Salve | 2 | |
| Lesser Clarity Potion | 2 | |
| Scroll of Speed | 1 | |
5 total
Chat log
(01:00 / Allies) EIite: heroes?
(01:09 / Allies) Valkyries: tc hh
(01:13 / Allies) Chandler: im the minority xD
(01:20 / Allies) EIite: donald trump is my hero, I don't like minorities
(01:25 / Allies) Chandler: lol
(01:28 / Allies) Valkyries: TRUMP
(01:30 / Allies) Chandler: you commy
(02:55 / Allies) Valkyries: so wtyf w e doing c rush circle jerk team kill what?
(03:11 / Allies) EIite: s o o o o i d k w h a t w e are d o o o i ng ggg
(03:18 / All) Valkyries: no commuication a t all
(03:22 / Allies) EIite: w h y a r e w e t y p i i n g we i rd
(03:24 / All) Ragnarok: same
(03:27 / All) texas: LOL
(03:30 / All) Valkyries: so gg
(03:33 / All) Ragnarok: not gg
(03:34 / All) texas: yet no tk
(03:35 / All) EIite: It's 4v4 RT
(03:36 / All) texas: wow
(03:38 / All) EIite: why would you communicate
(03:39 / All) Ragnarok: its late
(03:42 / All) texas: what a bithc
(03:44 / All) texas: pussy
(03:46 / All) Ragnarok: even
(03:46 / All) EIite: it's almost as if people think it's a team game
(03:52 / All) Valkyries: "teasm" of hellen kel;ler school of hponpor graduates
(04:17 / All) Ragnarok: my team didnt say one word til you did
(04:19 / All) Ragnarok: you should be fine
(04:27 / All) texas: its fuckin 2 am get over it lol
(04:38 / All) Ragnarok: im cool i just dont want him to leave
(04:40 / All) Ragnarok: for dumb reason
(04:43 / All) texas: FUCK him
(04:50 / All) texas: he gonna cry over that
(04:56 / All) texas: he gonna cry and tk or something lol
(05:15 / Allies) Fukkitt: thanks teal
(05:18 / Allies) Chandler: NP
(05:20 / Allies) Fukkitt: for gettin in the way nidiot
(05:25 / Allies) Fukkitt: hahahah
(05:32 / Allies) Fukkitt: then idiot thinks i was thankin him
(05:42 / Allies) Fukkitt: my unit died cuz u blokd him dumass
(05:55 / Allies) Chandler: SHEEEET
(07:12 / All) texas: tight
(07:15 / Allies) Chandler: damn
(07:35 / All) Fukkitt: gg
(07:37 / All) Fukkitt: bsrs
(07:53 / Allies) Chandler: bm
(08:11 / Allies) Chandler: is no one doing anything??
(08:17 / Allies) Chandler: wth
(08:22 / Allies) Fukkitt: all of u guys suk
(08:25 / Allies) Fukkitt: so fukit
(10:32 / Allies) Chandler: damn
(10:55 / All) UploadinFool: zzz
(11:10 / All) Ragnarok: lol
(11:11 / All) Ragnarok: gg
(11:16 / All) Fukkitt: tol dya bsers
(11:19 / All) Fukkitt: 2 lvl 1s
(11:26 / All) Fukkitt: they fukd off and teal just sukd
(16:32 / All) Ragnarok: NUB
(16:33 / All) Ragnarok: gg
(22:31 / All) texas: FUCKing noob
(22:40 / All) texas: u know your bad when u got fukin 6k
(22:45 / All) texas: how is that possible
(22:47 / All) texas: LOL
(22:53 / All) texas: ILL never leave kid
(22:58 / All) texas: u out of your league
(23:02 / All) texas: lol
(23:11 / All) texas: only 1 expo and 6k
(23:17 / All) texas: Jesus blue
(23:26 / All) texas: talk about a fuck tard lil baby back bitch
(23:30 / All) texas: i mean jesus
(23:34 / All) texas: 7k blue lol
(23:47 / All) texas: LOL
(23:49 / All) texas: Fuck sake
(24:31 / All) texas: LOL blue is so fuckin good
(24:42 / All) texas: rather tk then win lol
(24:54 / All) texas: but he a real nice guy
(25:41 / All) UploadinFool: WINNERS AREN'T LOSERS!
(25:46 / All) texas: LOL
(26:11 / All) texas: didnt know winners tk
(26:34 / All) texas: lol u must tk a whole lot
(27:30 / All) EIite: Bad boy trying to take two expos
(28:13 / All) EIite: cancel that expo pink
(28:16 / All) EIite: you aren't getting it
(28:34 / All) texas: 9k
(28:40 / All) texas: This guy is going for a record lol
(31:36 / All) texas: guys do me a favor come kill blue lol
(31:37 / All) Ragnarok: hows it goin over there
(31:41 / All) texas: this guy is a tk master
(31:50 / All) texas: he plays the good guy angle while tking all of us lol
(31:54 / All) EIite: why would I want to kill him if he's a tker
(31:56 / All) texas: hardball lol
(31:57 / All) EIite: sounds like I get a free win
(31:57 / All) Ragnarok: WONT EVEN ATTACK HIM?
(31:59 / All) EIite: thanks blue
(32:00 / All) Ragnarok: ATTACK HIM NOOB
(32:04 / All) Ragnarok: you do
(32:06 / All) EIite: I get a free win
(32:09 / All) EIite: blue is a good guy
(32:09 / All) texas: sitting on fuckin 10000 k
(32:10 / All) Ragnarok: good job
(32:12 / All) Ragnarok: no
(32:15 / All) texas: halol
(32:23 / All) Ragnarok: so is ylw
(32:24 / All) EIite: he's giving me a win, I like blue
(32:24 / All) texas: im real bad in blue eys
(32:27 / All) EIite: really good guy
(32:29 / All) texas: LOL
(32:35 / All) Ragnarok: lol
(32:46 / All) texas: wow how pathetic people are today
(32:56 / All) texas: this guy is gonna be cccrying the rest of his life
(33:01 / All) texas: pretty amazing stuff
(33:01 / All) EIite: yeah, these days, people put up no fight to tkers
(33:03 / All) EIite: they just take it
(33:05 / All) EIite: so pathetic
(33:08 / All) texas: lol
(33:10 / All) EIite: you guys are just giving me my win with him
(33:15 / All) texas: lol
(33:20 / All) texas: i was first to get tk man
(33:21 / All) EIite: thanks for giving me the win yellow
(33:23 / All) texas: i had no control
(33:26 / All) texas: LOL
(33:27 / All) EIite: though if you tried, you are so bad, I doubt it would do much
(33:34 / All) texas: lol
(33:36 / All) texas: good 1
(33:49 / All) texas: says guy who hasnt done anything but get beat all game
(33:57 / All) texas: u just massed towers like shit tard noobs
(34:09 / All) texas: BLUE KILLED MORE
(34:16 / All) EIite: I won this game
(34:21 / All) EIite: I am a winner
(34:23 / All) texas: KILLED MORE OF OUR UNITS THAN YOURS LOL
(34:24 / All) EIite: you lose this game
(34:26 / All) EIite: you are a loser
(34:41 / All) texas: good strategy
(35:40 / All) EIite: MARCH OF THE TROLLS!
(35:43 / All) EIite: THE TROLLS ARE COMING FOR PINK!
(35:48 / All) EIite: THE TROLLS WILL TEAR DOWN HIS BASE!
(35:49 / All) texas: LOL
(35:54 / All) EIite: THE TROLLS WILL TEAR DOWN HIS WALLS
(35:58 / All) EIite: THE TROLLS WILL RAPE HIS WOMEN!
(35:59 / All) texas: With those weak ass wyvs we gonna be here a while
(36:05 / All) texas: WOW
(36:10 / All) texas: hh crazy
(36:13 / All) texas: how many lol?
(36:16 / All) EIite: 100 food
(36:19 / All) EIite: like 3 control groups
(36:21 / All) texas: haha nice
(36:23 / All) texas: use em on blue
(36:28 / All) texas: Cant wait to see em
(36:30 / All) EIite: Orange had a bunch of gold I made use of
(36:34 / All) EIite: nah, blue is helping me
(36:35 / All) EIite: Blue is an ally
(36:46 / All) texas: lol so u just gonna end game as stalemate
(36:53 / All) texas: im not leaving lol
(37:00 / All) EIite: He'll kill himself to give me a hard earned win
(37:01 / All) texas: u gotta kill blue
(37:05 / All) texas: lol
(37:11 / All) texas: Ok ill wait that out then
(37:24 / All) texas: u got a lot of shit blue gonna be awhile lol
(37:44 / All) texas: so ever hear about blues whore mom
(37:53 / All) texas: She is a mean dick sucker
(37:56 / All) EIite: No but I heard about yours
(37:59 / All) EIite: I'm fucking your mom right now
(38:04 / All) texas: she all about the rusty trobone
(38:11 / All) EIite: your mom is into giving me this win too
(38:17 / All) EIite: she's another kind of win right now
(38:19 / All) texas: where u lick the guys asshole while u jerk em off lol
(38:23 / All) UploadinFool: Tsk tsk, some ill-mannered children never learn
(38:33 / All) EIite: I'm fucking yellow's mom
(38:35 / All) texas: she got a way with the tongue
(38:38 / All) texas: LOL
(38:44 / All) texas: Im fuckin blues mom
(38:54 / All) texas: lil on the heavy side
(39:07 / All) texas: but she likes it a lil wild so im goood with it :)
(39:12 / All) texas: massive tits
(39:19 / All) texas: these things will crush a dick
(39:36 / All) texas: swinging em around like we playing fuckin teatherball lol
(39:49 / All) texas: knocking cats out with them big ole titties
(40:01 / All) texas: giving guys the 1 2 tit clip clap
(40:10 / All) texas: jesus here ass though
(40:19 / All) texas: dam near broke my nose riding my tongue lol
(40:34 / All) texas: twerking is a scary thing with this women
(40:47 / All) texas: the way she can twerk fuck
(41:00 / All) texas: she twerks it like its cold lol
(41:00 / All) EIite: wow yellow
(41:03 / All) EIite: your mother is really a good lay
(41:07 / All) texas: lol
(41:11 / All) texas: theres my guy lol
(41:22 / All) texas: s4s again so i can tk u this time blue lol
(41:30 / All) texas: pink lol
(41:31 / All) texas: Wow
(41:37 / All) texas: blue u pure class
(41:40 / All) texas: just pure lol
(41:56 / All) texas: LOL
(42:13 / All) texas: how the fuck u get 16k lol
(42:29 / All) UploadinFool: My peons work hard, they have positive attitudes
(42:30 / All) EIite: One time I had 50,000 gold
(42:36 / All) texas: lol
(42:45 / All) texas: u guys is real good cocksuckers
(42:51 / All) texas: moms taught u well lol
(42:55 / All) EIite: and one time he had several hundred K when he mined out Friends
(42:56 / All) texas: no teeth
(43:03 / All) texas: all throat
(43:06 / All) texas: get it
(43:13 / All) texas: fuck all u but pink
(43:21 / All) texas: and orj
(43:25 / All) texas: and teal
(43:35 / All) texas: well actually just fuck u blue lol
(43:36 / All) EIite: fuck all u but all of these guys
(43:40 / All) texas: lol
(43:41 / All) UploadinFool: First lesson you learn when you join our thing, you gotta speak with respect
(43:45 / All) texas: stfu
(43:48 / All) UploadinFool: See I'm a made man, and you're just a friend of ours
(43:55 / All) texas: u made this game the way it was lol
(43:59 / All) texas: u and u only
(43:59 / All) UploadinFool: You don't have the bona fides to be talking to me like that, capiche?
(44:06 / All) texas: u turned it into a shit show
(44:13 / All) texas: now it wont end lol
(44:15 / All) texas: Ever
(44:23 / All) texas: HAHA
(44:32 / All) texas: lol
(44:37 / All) texas: blue so bad
(44:42 / All) texas: cant even tk him self lol
(44:51 / All) texas: he used to doing this im sure
(44:57 / All) texas: LOL
(45:12 / All) texas: he th pc police when he the one tking lol
(45:27 / All) texas: LOL
(45:52 / All) texas: blue made more enamies then freinds this game
(45:58 / All) texas: see ya soon
(46:02 / All) texas: what yall waiting on